 Dungeon Crawl Stone Soup version 0.20.0-3-g22ec75f (webtiles) character file.

106 Chiseanne the Vexing (level 4, 0/26 HPs)
             Began as a Deep Elf Arcane Marksman on May 27, 2017.
             Slain by a gnoll
             ... wielding a +0 whip
              (9 damage)
             ... on level 2 of the Dungeon.
             The game lasted 00:06:01 (2315 turns).

Chiseanne the Vexing (Deep Elf Arcane Marksman)     Turns: 2315, Time: 00:06:02

Health: 0/26       AC:  3    Str:  8    XL:     4   Next: 55%
Magic:  3/8        EV: 14    Int: 18    God:
Gold:   46         SH:  0    Dex: 15    Spells: 5/6 levels left

rFire    . . .     SeeInvis .   e - +0 whip (curse)
rCold    . . .     Gourm    .   (no shield)
rNeg     . . .     Faith    .   a - +0 robe
rPois    .         Spirit   .   l - +0 helmet
rElec    .         Reflect  .   (no cloak)
rCorr    .         Harm     .   (no gloves)
MR       .....                  (no boots)
Stlth    +.........             (no amulet)
Regen    0.1/turn               (no ring)
MPRegen  0.2/turn               (no ring)

@: no status effects
A: no striking features
a: no special abilities


You were on level 2 of the Dungeon.
You were not hungry.

You visited 1 branch of the dungeon, and saw 2 of its levels.

You collected 46 gold pieces.

Inventory:

Hand Weapons
 e - a cursed +0 whip (weapon)
 j - a +0 short sword
 k - a +0 short sword
Missiles
 h - 43 stones (quivered)
 i - 42 arrows
 n - 35 bolts
 q - 9 poisoned needles
Armour
 a - a +0 robe (worn)
 l - a +0 helmet (worn)
Jewellery
 m - a cursed -2 ring of evasion
Books
 b - a book of Debilitation

   Spells                             Type                      Level
   a - Corona                         Hexes                        1
   b - Slow                           Hexes                        2
   c - Inner Flame                    Hexes/Fire                   3
   d - Portal Projectile              Hexes/Translocation          3
   e - Cause Fear                     Hexes                        4
   f - Leda's Liquefaction            Hexes/Earth                  4
Comestibles
 f - 3 bread rations
 g - a chunk of flesh


   Skills:
 * Level 2.1 Fighting
 * Level 3.1 Throwing
 * Level 3.9 Dodging
 - Level 1.5 Spellcasting
 - Level 4.0 Hexes


You had 5 spell levels left.
You knew the following spells:

 Your Spells              Type           Power        Failure   Level  Hunger
a - Corona                Hex            ###....      3%          1    ##.....


Dungeon Overview and Level Annotations

Branches:
Dungeon (2/15)

Altars:
Ashenzari
Dithmenos
Ru


Message History

It was a potion of curing.
You feel better. The gnoll closely misses you.
You hit the gnoll but do no damage.
The gnoll is heavily wounded.
The gnoll closely misses you. The gnoll hits you with a whip.
You hit the gnoll but do no damage.
The gnoll is heavily wounded.
The gnoll hits you with a whip.
You hit the gnoll but do no damage.
The gnoll is heavily wounded.
The gnoll closely misses you.
You hit the gnoll but do no damage.
The gnoll is heavily wounded.
The gnoll stops glowing.
The gnoll misses you.
You closely miss the gnoll.
The gnoll is heavily wounded.
The gnoll barely misses you.
You closely miss the gnoll.
The gnoll is heavily wounded.
The gnoll hits you with a whip!
You die...

....... ..... .....
... ... ############
#<# .≈≈≈≈≈≈≈≈≈.## #(#
..≈≈≈≈≈≈≈...# #g#
............####@#
.................#
............###..#
..≈≈≈≈≈≈≈...# ##.#
.≈≈≈≈≈≈≈≈≈.## ###
############ #######
#### ####.#...##
#..#######.........##


You could see a gnoll.

Vanquished Creatures
  An adder (D:2)
  2 gnolls (D:2)
  An ooze (D:1)
  A worm (D:1)
  A dart slug (D:1)
  4 leopard geckos
  5 bats
  2 giant cockroaches
  9 goblins
  11 hobgoblins
  A ball python (D:1)
  14 kobolds
  9 rats
61 creatures vanquished.

Notes
Turn   | Place    | Note
-------+----------+-------------------------------------------
     0 | D:1      | Chiseanne the Deep Elf Arcane Marksman began the quest for the Orb.
     0 | D:1      | Reached XP level 1. HP: 11/11 MP: 5/5
    12 | D:1      | Reached skill level 1 in Fighting
    56 | D:1      | Reached XP level 2. HP: 12/16 MP: 6/6
   609 | D:1      | Reached XP level 3. HP: 7/20 MP: 7/7
  1521 | D:2      | Found a sacrificial altar of Ru.
  1561 | D:2      | Found a shattered altar of Ashenzari.
  1753 | D:2      | Reached XP level 4. HP: 20/26 MP: 6/8
  1835 | D:2      | Found a shadowy altar of Dithmenos.
  2315 | D:2      | Slain by a gnoll

Skill      XL: |  1  2  3  4 |
---------------+-------------+-----
Fighting       | 1 2 |  2.1
Dodging        | 3 |  3.9
Throwing       | 3 |  3.1
Spellcasting   | |  1.5
Hexes          | |  4.0

Action                   |  1- 3 |  4- 6 || total
-------------------------+-------+-------++-------
Melee: Whip              |   123 |    64 ||   187
Throw: Javelin           |    58 |    12 ||    70
       Throwing net      |     2 |       ||     2
       Stone             |       |     1 ||     1
 Cast: Corona            |    17 |    10 ||    27
  Use: Scroll            |     1 |     1 ||     2
       Potion            |       |     2 ||     2
 Stab: Held in net/web   |     2 |       ||     2
       Sleeping          |     2 |       ||     2
  Eat: Chunk             |     3 |     2 ||     5
Armor: Robe              |    20 |    17 ||    37
Dodge: Dodged            |    95 |    42 ||   137
